 Dungeon Crawl Stone Soup version 0.31-a0-1-g4198be8af4 (webtiles) character file.

Game seed: 4715559693560701442

494 Ahpoh the Slasher (level 7, -9/37 HPs)
             Began as a Vine Stalker Fighter on May 1, 2023.
             Mangled by an ogre
             ... wielding a +0 giant club
              (14 damage)
             ... on level 4 of the Dungeon.
             The game lasted 00:08:33 (3461 turns).

Ahpoh the Slasher (Vine Stalker Fighter)            Turns: 3461, Time: 00:08:34

Health: -9/37      AC:  6    Str: 19    XL:     7   Next: 15%
Magic:  0/8        EV:  9    Int:  8    God:
Gold:   194        SH:  5    Dex: 15    Spells: 6/6 levels left

rFire   . . .        a - +1 long sword (flame)
rCold   . . .        c - +0 buckler
rNeg    . . .        b - +0 scale mail
rPois   .            (no helmet)
rElec   .            (no cloak)
rCorr   .            (no gloves)
SInv    .            (no boots)
Will    .....        (no amulet) Stlth
                     (no ring)
HPRegen 1.06/turn    (no ring)
MPRegen 0.11/turn

%: guardian spirit
@: no status effects
A: fangs 2, regeneration 1, magic shield, antimagic bite, no potion heal 2
a: no special abilities


You were on level 4 of the Dungeon.
You visited 1 branch of the dungeon, and saw 4 of its levels.

You collected 194 gold pieces.

Inventory:

Hand Weapons
 a - a +1 long sword of flaming (weapon)
 d - a +2 flail of protection
Armour
 b - a +0 scale mail (worn)
 c - a +0 buckler (worn)
Jewellery
 p - a ring of resist corrosion
Scrolls
 f - a scroll of poison
 i - 2 scrolls of brand weapon
 k - a scroll of enchant weapon
 m - 2 scrolls of identify
 n - a scroll of butterflies
 o - 2 scrolls of vulnerability {unknown}
Potions
 e - a potion of mutation
 h - 2 potions of curing
 j - a potion of heal wounds {unknown}
 l - a potion of brilliance {unknown}


   Skills:
 + Level 3.9 Fighting
 + Level 4.5 Long Blades
 + Level 3.6 Armour
 + Level 0.9 Dodging
 + Level 0.9 Stealth
 + Level 3.5 Shields


You had 6 spell levels left.
You didn't know any spells.
Your spell library contained the following spells:

 Spells                   Type           Power      Damage    Failure   Level
 Vhi's Electric Charge    Tloc/Air       0%         N/A       99%         3
 Arcjolt                  Conj/Air       0%         1d10      100%        5
 Plasma Beam              Fire/Air       0%         2x1d11    100%        6


Dungeon Overview and Level Annotations

Branches:
Dungeon (4/15)
 Temple: D:4-7

Altars:

Shops:
D:3 =


Innate Abilities, Weirdness & Mutations

You have extremely sharp teeth.
Your natural rate of healing is unusually fast.
When hurt, damage is shared between your health and your magic reserves.
Your bite disrupts and absorbs the magic of your enemies.
Potions cannot restore your health.


Message History

You now have 183 gold pieces (gained 18).
You now have 194 gold pieces (gained 11).
j - a glowing red potion A hobgoblin comes into view.
The hobgoblin barely misses you.
You hit the hobgoblin. You burn the hobgoblin.
You kill the hobgoblin!
You open the door.
An ogre comes into view. It is wielding a +0 giant club.
Found an ancient short sword.
Hit: a) +1 long sword (flame)
Press: ? - help, Dir - move target Your weapon can't reach that far!
Okay, then.
Sorry, you're not good enough to have a special ability.
Okay, then.
Okay, then.
It was a potion of cancellation.
You feel magically purged.
Okay, then.
You slash the ogre! You burn the ogre.
The ogre is moderately wounded.
You block the ogre's attack.
You completely miss the ogre. You bite the ogre, but do no damage.
The ogre is moderately wounded.
The ogre misses you.
You hit the ogre. You burn the ogre.
The ogre is moderately wounded.
You barely miss the ogre.
The ogre is moderately wounded.
The ogre hits you with a +0 giant club!!
Ouch! That really hurt!
You barely miss the ogre.
The ogre is moderately wounded.
The ogre hits you with a +0 giant club!
* * * LOW HITPOINT WARNING * * *
You barely miss the ogre. You bite the ogre. You drain its power.
You feel invigorated.
The ogre is heavily wounded.
The ogre hits you with a +0 giant club!!
You die...

###########
#.........#
#.#######.# #....#
#.# #.##@#
#.######### ####O#
#.........# ≈.≈
#.###.###.# ≈...≈
#.......#[#
≈..♣).≈#.###.#.#.###
+..♣
♣..+............ #≈.
.≈##.####.#.### ###
## #≈≈ ≈≈##)# #.#.#
#..... #.# #.#.#


You could see an ogre.

Vanquished Creatures
  Edmund (D:4)
  An orc warrior (D:3)
  An ogre (D:4)
  A jelly (D:4)
  2 orc priests (D:3)
  2 adders
  An ufetubus (D:4)
  2 worms
  2 dart slugs
  12 orcs
  9 ball pythons
  8 bats
  4 endoplasms
  5 goblins
  7 hobgoblins
  2 quokkas
  A frilled lizard (D:3)
  9 kobolds
  3 rats
73 creatures vanquished.

Notes
Turn   | Place    | Note
-------+----------+-------------------------------------------
     0 | D:1      | Ahpoh the Vine Stalker Fighter began the quest for the Orb.
     0 | D:1      | Reached XP level 1. HP: 11/11 MP: 2/2
    33 | D:1      | Found a faded altar of an unknown god.
   215 | D:1      | Reached XP level 2. HP: 16/16 MP: 3/3
   606 | D:1      | Reached skill level 2 in Long Blades
   838 | D:2      | Reached XP level 3. HP: 18/20 MP: 4/4
  1754 | D:3      | Gained mutation: Your natural rate of healing is unusually
                  | fast. [Vine Stalker growth]
  1754 | D:3      | Reached XP level 4. HP: 17/24 MP: 5/5
  1906 | D:3      | Found Hane's Jewellery Shop.
  2380 | D:3      | Reached XP level 5. HP: 28/28 MP: 4/6
  2696 | D:4      | Reached skill level 3 in Long Blades
  2740 | D:4      | Noticed Edmund
  2747 | D:4      | Killed Edmund
  2748 | D:4      | Reached XP level 6. HP: 24/33 MP: 7/7
  2857 | D:4      | Reached skill level 4 in Long Blades
  2902 | D:4      | Noticed an orc warrior
  2975 | D:3      | Killed an orc warrior
  2976 | D:3      | Reached XP level 7. HP: 17/37 MP: 1/8
  3461 | D:4      | Mangled by an ogre

Illustrated notes

Levels and vault maps discovered:
D:1:      dpeg_arrival_solitude, layout_loops_ring,
          nicolae_ecumenical_snake_handling, st_stairs_10
D:2:      layout_loops_corners, feat_on_display
D:3:      layout_loops_corners, serial_shops, shop
D:4:      layout_loops_ring, nicolae_eternal_life, kennysheep_generic_room_8,
          uniq_edmund

Skill      XL: |  1  2  3  4  5  6 |
---------------+-------------------+-----
Fighting       | 3 |  3.9
Long Blades    | 2 3 4 |  4.5
Shields        | 3 |  3.5
Armour         | 3 |  3.6
Dodging        | |  0.9
Stealth        | |  0.9

Action                     |  1- 3 |  4- 6 |  7- 9 || total
---------------------------+-------+-------+-------++-------
  Melee: Long sword        |    81 |    82 |    31 ||   194
         Bite              |    12 |    19 |     8 ||    39
    Use: Scroll            |     1 |     4 |       ||     5
         Potion            |     5 |     2 |     1 ||     8
 Armour: Scale mail        |    32 |    13 |    21 ||    66
         Skin              |       |     9 |       ||     9
  Dodge: Dodged            |    36 |    20 |    22 ||    78
  Block: Buckler           |    26 |    14 |     9 ||    49

Table legend: (Time is in decaauts)
 A = Elapsed time spent in this place.
 B = Non-inter-level travel time spent in this place.
 C = Inter-level travel time spent in this place.
 D = Time resting spent in this place.
 E = Time spent auto-exploring this place.
 F = Levels seen in this place.
 G = Mean time per level.
                   A        B        C        D        E       F      G
               +--------+--------+--------+--------+--------+-----+--------+
         Total |   3501 |   3443 |     58 |    337 |   2276 |   4 |  875.2 |
       Dungeon |   3501 |   3443 |     58 |    337 |   2276 |   4 |  875.2 |
               +--------+--------+--------+--------+--------+-----+--------+

Top non-repeatable levels by time:
     D:3: 1173 daAuts
     D:2: 1065 daAuts
     D:1: 687 daAuts
     D:4: 575 daAuts
